 Dungeon Crawl Stone Soup version 0.23-a0-8-gb809bb7 (webtiles) character file.

16963 Amnesiac the Zephyrmancer (level 12, -8/83 HPs)
             Began as a Mummy Air Elementalist on Aug 2, 2018.
             Was an Elder of Sif Muna.
             Mangled by an orc warlord
             ... wielding a +2 war axe of flaming
              (32 damage)
             ... on level 2 of the Orcish Mines.
             The game lasted 00:36:06 (19658 turns).

Amnesiac the Zephyrmancer (Mummy Air Elementalist) Turns: 19658, Time: 00:36:06

Health: -8/83      AC:  6    Str: 12    XL:     12   Next: 14%
Magic:  2/36       EV: 13    Int: 18    God:    Sif Muna [****..]
Gold:   1533       SH:  6    Dex: 13    Spells: 20/34 levels left

rFire    . . .     SeeInvis .   a - +2 dagger (protect)
rCold    + + .     Gourm    .   e - +1 buckler
rNeg     + + +     Faith    .   r - +0 troll leather armour
rPois    ∞         Spirit   .   k - +0 helmet
rElec    .         Reflect  .   m - scarf {rC+ rF+}
rCorr    .         Harm     .   c - +0 pair of gloves
MR       +....                  (no boots)
Stlth    ++........             (no amulet)
HPRegen  0.63/turn              n - ring of magical power
MPRegen  0.25/turn              q - ring of flight

@: divine energy
A: no food or potions, fire vulnerability, cold resistance 1, negative energy
resistance 3, torment resistance, unbreathing
a: Stop Divine Energy, Channel Magic, Forget Spell, Renounce Religion, Evoke
Flight


You were on level 2 of the Orcish Mines.
You worshipped Sif Muna.
Sif Muna was greatly pleased with you.
You were not hungry.

You visited 3 branches of the dungeon, and saw 13 of its levels.
You also visited: Sewer.

You collected 1533 gold pieces.

Inventory:

Hand Weapons
 a - a +2 dagger of protection (weapon)
 b - a +2 whip of electrocution
Armour
 c - a +0 pair of gloves (worn)
 e - a +1 buckler (worn)
 k - a +0 helmet (worn)
 m - a scarf of resistance (worn)
 r - a +0 troll leather armour (worn)
Jewellery
 n - a ring of magical power (left hand)
 q - a ring of flight (right hand)
 w - the ring "Moz Lach" {*Slow Dex+5 SInv}
   (You found it on level 9 of the Dungeon)

   [ring of see invisible]

   It affects your dexterity (+5).
   It lets you see invisible.
   It may slow you when you take damage.
Wands
 o - a wand of digging (8)
Scrolls
 g - 4 scrolls of blinking {!r}
 h - a scroll of fear {!r}
 i - 5 scrolls of remove curse {!r}
 j - 2 scrolls of enchant armour {!r}
 l - a scroll of magic mapping {!r}
 p - 3 scrolls of teleportation {!r}
 s - 2 scrolls of identify {!r}
 u - a scroll of amnesia {!r}
 v - 2 scrolls of enchant weapon {!r}
Miscellaneous
 d - a lightning rod (4/4)


   Skills:
 - Level 4.0 Fighting
 - Level 4.0 Dodging
 - Level 1.5 Stealth
 - Level 4.0 Shields
 + Level 11.9 Spellcasting
 - Level 0.7 Conjurations
 * Level 11.9 Air Magic
 + Level 5.8 Invocations


You had 20 spell levels left.
You knew the following spells:

 Your Spells              Type           Power        Failure   Level  Hunger
a - Airstrike             Air            ######....   1%          4    N/A
d - Lightning Bolt        Conj/Air       ####......   17%         5    N/A
e - Mephitic Cloud        Conj/Pois/Air  ####....     4%          3    N/A
z - Swiftness             Chrm/Air       ####....     1%          2    N/A

Your spell library contained the following spells:

 Spells                   Type           Power        Failure   Level  Hunger
 Conjure Flame            Conj/Fire      ##......     22%         3    N/A
 Freezing Cloud           Conj/Ice/Air   ####......   92%         6    N/A
 Ring of Flames           Chrm/Fire      ##........   100%        7    N/A
 Shock                    Conj/Air       ####         1%          1    N/A
 Spider Form              Tmut/Pois      ##........   26%         3    N/A
 Blade Hands              Tmut           ##........   93%         5    N/A
 Ice Form                 Ice/Tmut       ##......     63%         4    N/A
 Sticks to Snakes         Tmut           ##......     13%         2    N/A
 Static Discharge         Conj/Air       ####....     1%          3    N/A
 Beastly Appendage        Tmut           ##....       9%          1    N/A
 Poisonous Vapours        Pois/Air       ####..       1%          2    N/A

Dungeon Overview and Level Annotations

Branches:
Dungeon (10/15)            Temple (1/1) D:6            Lair (0/6) D:8
    Orc (2/2) D:10            Elf (0/3) Orc:2

Altars:
Cheibriados
Dithmenos
Gozag
Hepliaklqana
Kikubaaqudgha
Makhleb
Sif Muna
Trog
Uskayaw
Vehumet
The Shining One

Shops:
D:8 *


Innate Abilities, Weirdness & Mutations

You do not eat or drink.
Your flesh is vulnerable to fire.
You are immune to poison.
Your flesh is cold resistant. (rC+)
You are immune to negative energy. (rN+++)
You are immune to unholy pain and torment.
You can survive without breathing.


Message History

You hear a mighty clap of thunder!
The bolt of lightning hits the orc warlord.
The orc warlord is lightly wounded.
The bolt of lightning misses the orc warlord.
You hear a shout! x7
Unknown command.
Casting: Lightning Bolt (slightly dangerous; 17% risk of failure)
Confirm with . or Enter, or press ? or * to list all spells.
Aiming: Lightning Bolt (slightly dangerous; 17% risk of failure)
Press: ? - help, Shift-Dir - straight line You hear a mighty clap of thunder!
The bolt of lightning misses the orc warlord.
The bolt of lightning hits the orc warlord.
The orc warlord is lightly wounded.
You hear a shout! x3
You block the orc warlord's attack.
Unknown command.
Casting: Lightning Bolt (slightly dangerous; 17% risk of failure)
Confirm with . or Enter, or press ? or * to list all spells.
Aiming: Lightning Bolt (slightly dangerous; 17% risk of failure)
Press: ? - help, Shift-Dir - straight line You hear a mighty clap of thunder!
The bolt of lightning hits the orc warlord.
The orc warlord is moderately wounded.
The bolt of lightning hits the orc warlord.
The orc warlord is moderately wounded.
You hear a shout!
The orc warlord barely misses you.
Unknown command.
Casting: Lightning Bolt (slightly dangerous; 17% risk of failure)
Confirm with . or Enter, or press ? or * to list all spells.
Aiming: Lightning Bolt (slightly dangerous; 17% risk of failure)
Press: ? - help, Shift-Dir - straight line You miscast Lightning Bolt.
Sif Muna protects you from the effects of your miscast!
You block the orc warlord's attack.
Unknown command.
Casting: Lightning Bolt (slightly dangerous; 17% risk of failure)
Confirm with . or Enter, or press ? or * to list all spells.
Aiming: Lightning Bolt (slightly dangerous; 17% risk of failure)
Press: ? - help, Shift-Dir - straight line You hear a mighty clap of thunder!
The bolt of lightning hits the orc warlord.
The orc warlord appears unharmed.
The orc warlord is moderately wounded.
The bolt of lightning hits the orc warlord.
The orc warlord is heavily wounded.
You hear a shout!
The orc warlord hits you with a war axe of flaming!!
* * * LOW HITPOINT WARNING * * *
The orc warlord burns you!
* * * LOW HITPOINT WARNING * * *
Unknown command.
Casting: Lightning Bolt (slightly dangerous; 17% risk of failure)
Confirm with . or Enter, or press ? or * to list all spells.
Aiming: Lightning Bolt (slightly dangerous; 17% risk of failure)
Press: ? - help, Shift-Dir - straight line You hear a mighty clap of thunder!
The bolt of lightning hits the orc warlord.
The orc warlord is severely wounded.
The bolt of lightning hits the orc warlord.
The orc warlord is severely wounded.
The orc warlord hits you with a war axe of flaming!!
You die...

..#......##......###.....##......
..#...............##.....).......
.##..............####............
##.............### ##...........
.....#.........######...........#
...........))...#.##.............
[##........)......#..............
........(.......o................
...(......#.....@....)...........
[[[......##.#[...................
[...[....#.......[......##.......
........###.#[).....#..####.#.#..
........# ####[<...##### ####...
#....#.## ###.....# ##..
#..###..## ###.### ### #####....#
### ##..##


You could see an orc warlord.

Vanquished Creatures
  A stone giant (Orc:1)
  An ettin (Orc:1)
  2 dancing weapons (D:9)
  3 two-headed ogres
  2 orc knights (Orc:2)
  An orc sorcerer (Orc:2)
  A gargoyle (D:10)
  3 trolls
  3 hippogriffs
  Sigmund (D:6)
  10 yaks (D:10)
  A water moccasin (D:10)
  A two-headed ogre zombie (D:10)
  A warg (Orc:2)
  2 hell hounds (D:8)
  An ice beast (D:10)
  19 orc warriors
  7 ogres
  An eye of draining (D:9)
  3 necrophages
  2 phantoms (D:10)
  3 centaurs
  2 big kobolds (Sewer)
  Blork the orc (D:9)
  4 bullfrogs
  2 scorpions
  A water moccasin skeleton (D:5)
  4 wights (D:10)
  3 troll zombies (D:10)
  4 howler monkeys (D:9)
  A bullfrog zombie (D:9)
  3 crimson imps
  4 centaur zombies
  A bullfrog skeleton (D:10)
  7 hounds
  2 gnoll shamans
  20 orc priests
  2 centaur skeletons
  3 jellies
  19 orc wizards
  Jessica (D:3)
  Terence (D:2)
  An iguana (D:3)
  Natasha (thrice) (D:2)
  5 worker ants
  A statue (D:6)
  4 ogre zombies (D:10)
  2 hound skeletons
  2 hound zombies
  2 worker ant zombies
  13 gnolls
  9 adders
  A river rat (D:6)
  A shadow imp (D:6)
  An ooze (Sewer)
  An adder skeleton (D:8)
  2 adder zombies
  3 dart slugs
  6 worms
  4 leopard geckos
  51 orcs
  5 ball pythons
  11 bats
  5 giant cockroaches
  6 hobgoblins
  17 jackals
  5 quokkas
  5 frilled lizards
  11 goblins
  A goblin skeleton (D:10)
  4 goblin zombies (D:10)
  5 hobgoblin zombies (D:10)
  15 kobolds
  An orc skeleton (D:10)
  14 orc zombies (D:10)
  A quokka skeleton (D:9)
  9 rats
381 creatures vanquished.

Notes
Turn   | Place    | Note
-------+----------+-------------------------------------------
     0 | D:1      | Amnesiac the Mummy Air Elementalist began the quest for the Orb.
     0 | D:1      | Reached XP level 1. HP: 13/13 MP: 4/4
   348 | D:1      | Reached XP level 2. HP: 18/19 MP: 0/5
   433 | D:1      | Learned a level 2 spell: Swiftness
   535 | D:2      | Noticed Natasha
   550 | D:2      | Noticed a crimson imp
   747 | D:1      | Reached skill level 1 in Shields
   813 | D:1      | Reached XP level 3. HP: 23/24 MP: 3/7
  1409 | D:2      | Killed Natasha
  1681 | D:2      | Reached XP level 4. HP: 30/30 MP: 3/8
  1687 | D:2      | Learned a level 4 spell: Airstrike
  1771 | D:2      | Found a hazy altar of Hepliaklqana.
  2244 | D:2      | Found an opulent altar of Gozag.
  2276 | D:2      | Noticed Natasha
  2449 | D:2      | Killed Natasha
  2454 | D:2      | Noticed Natasha
  2578 | D:2      | Killed Natasha
  2578 | D:2      | Reached XP level 5. HP: 26/35 MP: 4/9
  3417 | D:3      | Noticed Terence
  3419 | D:3      | Found a faded altar of an unknown god.
  3605 | D:3      | Noticed Jessica
  3616 | D:3      | Killed Jessica
  3865 | D:2      | Killed Terence
  3865 | D:2      | Reached XP level 6. HP: 19/41 MP: 0/10
  4698 | D:4      | Found an ancient bone altar of Kikubaaqudgha.
  5093 | D:4      | Found a glowing golden altar of the Shining One.
  5246 | D:5      | Entered Level 5 of the Dungeon
  5270 | D:4      | Reached skill level 1 in Fighting
  5571 | D:5      | Reached XP level 7. HP: 46/49 MP: 4/11
  6248 | D:6      | Noticed Sigmund
  6394 | D:5      | Noticed a hippogriff
  6441 | D:6      | Found a radiant altar of Vehumet.
  6626 | D:6      | Found a staircase to the Ecumenical Temple.
  6635 | Temple   | Entered the Ecumenical Temple
  6641 | Temple   | Became a worshipper of Sif Muna the Loreminder
  6724 | D:6      | Found a glowing drain.
  6742 | Sewer    | Entered a sewer
  6904 | Sewer    | Reached XP level 8. HP: 37/60 MP: 9/14
  7580 | D:6      | Killed Sigmund
  7580 | D:6      | Reached skill level 5 in Spellcasting
  7580 | D:6      | Reached skill level 5 in Air Magic
  7666 | D:6      | Reached * piety under Sif Muna
  7954 | D:5      | Killed a hippogriff
  8777 | D:5      | Reached XP level 9. HP: 65/65 MP: 0/18
  9054 | D:7      | Reached ** piety under Sif Muna
  9261 | D:7      | Noticed a two-headed ogre
  9516 | D:7      | Noticed a troll
  9520 | D:7      | Killed a troll
  9645 | D:7      | Killed a two-headed ogre
  9988 | D:8      | Found Wetre's General Store.
 10002 | D:8      | Noticed a two-headed ogre
 10009 | D:8      | Killed a two-headed ogre
 10009 | D:8      | Reached *** piety under Sif Muna
 10050 | D:8      | Reached XP level 10. HP: 50/71 MP: 0/22
 10731 | D:8      | Found a bloodstained altar of Trog.
 10961 | D:8      | Found a staircase to the Lair.
 11388 | D:9      | Reached **** piety under Sif Muna
 11415 | D:9      | Noticed Blork the orc
 11421 | D:9      | Killed Blork the orc
 11492 | D:9      | Found a hide-covered altar of Uskayaw.
 11494 | D:9      | Noticed a hand axe
 11495 | D:9      | Noticed a dagger
 11633 | D:9      | Killed a dagger
 11633 | D:9      | Reached skill level 1 in Invocations
 11674 | D:9      | Killed a hand axe
 11674 | D:9      | Reached skill level 10 in Spellcasting
 11674 | D:9      | Reached skill level 10 in Air Magic
 12216 | D:9      | Got a flickering golden ring
 12220 | D:9      | Identified the ring "Moz Lach" {*Slow Dex+5 SInv} (You found it on level 9 of the Dungeon)
 12370 | D:10     | Entered Level 10 of the Dungeon
 12484 | D:10     | Reached XP level 11. HP: 70/77 MP: 0/25
 13458 | D:10     | Reached ***** piety under Sif Muna
 13531 | D:10     | Received a gift from Sif Muna
 13558 | D:10     | Learned a level 3 spell: Mephitic Cloud
 13564 | D:10     | Learned a level 5 spell: Lightning Bolt
 14269 | D:10     | Noticed a two-headed ogre
 14290 | D:10     | Killed a two-headed ogre
 15238 | D:10     | Found a staircase to the Orcish Mines.
 15413 | Orc:1    | Entered Level 1 of the Orcish Mines
 15422 | Orc:1    | Noticed an ettin
 15431 | Orc:1    | Killed an ettin
 15652 | Orc:1    | Found a burning altar of Makhleb.
 15768 | Orc:2    | Entered Level 2 of the Orcish Mines
 16270 | Orc:2    | Noticed an orc knight
 16330 | Orc:2    | Killed an orc knight
 16330 | Orc:2    | Reached skill level 5 in Invocations
 16832 | Orc:2    | Found a staircase to the Elven Halls.
 17149 | Orc:2    | Noticed an orc sorcerer
 17157 | Orc:2    | Killed an orc sorcerer
 17385 | Orc:2    | Noticed an orc knight
 17435 | Orc:2    | Killed an orc knight
 17583 | Orc:2    | Noticed an orc warlord
 18160 | Orc:2    | Reached XP level 12. HP: 57/83 MP: 20/27
 18459 | Orc:1    | Noticed a stone giant
 18463 | Orc:1    | HP: 1/83 [stone giant/large rock (46)]
 18933 | Orc:1    | Killed a stone giant
 19511 | Orc:2    | Noticed an orc warlord
 19658 | Orc:2    | Mangled by an orc warlord

Vault maps used:
D:1:      sevenhm_arrival_forest_fort_large_4, grunt_decor_arrowhead,
          minmay_pentomino_q2
D:2:      overflow_temple_1_default, lemuel_crystal_altar, first_ration,
          uniq_natasha
D:3:      chequers_ecumenical_altar_simple, uniq_terence, uniq_jessica
D:4:      kennysheep_mini_moat, nicolae_tso_carved_into_rock,
          grunt_decor_resistance, fountainhead
D:5:      kennysheep_generic_room_3
D:6:      vehumet_statue, temple_fountains, portal_sewer_entry_a, uniq_sigmund,
          uniq_blork_the_orc
D:8:      minmay_lair_entry_lava, serial_shops, shop, trog_three_pillars_becter
D:9:      dancing_weapons_uskayaw
D:10:     zombieorc2_lemuel
Temple:   kb_temple_of_zot
Orc:1:    basic_altar
Orc:2:    grunt_orc_cross
Sewer:    sewer_co_15_rooms

Skill      XL: |  1  2  3  4  5  6  7  8  9 10 11 |
---------------+----------------------------------+-----
Spellcasting   | 3 4 6 8 10 11 | 11.9
Air Magic      | 3 4 6 8 10 11 | 11.9
Shields        | 1 2 3 4 |  4.0
Dodging        | 2 3 4 |  4.0
Fighting       | 1 4 |  4.0
Invocations    | 3 5 |  5.8
Stealth        | |  1.5
Conjurations   | |  0.7

Action                   |  1- 3 |  4- 6 |  7- 9 | 10-12 || total
-------------------------+-------+-------+-------+-------++-------
Melee: Unarmed           |     6 |       |       |       ||     6
       Short sword       |     5 |       |       |       ||     5
       Dagger            |     9 |   115 |   103 |    63 ||   290
 Cast: Shock             |    74 |   174 |   182 |       ||   430
       Swiftness         |     1 |     1 |     1 |       ||     3
       Airstrike         |       |     1 |   102 |   481 ||   584
       Lightning Bolt    |       |       |       |    26 ||    26
Invok: Divine Energy     |       |       |     1 |       ||     1
Evoke: Wand              |       |       |       |     3 ||     3
  Use: Scroll            |       |     5 |     5 |     6 ||    16
 Stab: Sleeping          |       |     1 |       |       ||     1
       Distracted        |       |       |     2 |       ||     2
Armor: Robe              |    10 |    49 |    42 |    29 ||   130
Dodge: Dodged            |    31 |   101 |   134 |    74 ||   340
Block: Buckler           |       |    38 |    71 |    52 ||   161

Table legend:
 A = Spawn XP
 B = Non-spawn XP
 C = Spawn XP percentage of total XP
 D = Spawn monster count
 E = Non-spawn monster count
 F = Spawn count percentage of total count
 G = Total turns spent on level
                    A         B        C        D         E        F      G
               +---------+---------+-------+---------+---------+-------+---------
         Total |       0 |   24233 |   0.0 |       0 |     381 |   0.0 | 19658
               +---------+---------+-------+---------+---------+-------+---------
           D:1 |       0 |      54 |   0.0 |       0 |      31 |   0.0 |  1553
           D:2 |       0 |     200 |   0.0 |       0 |      28 |   0.0 |  1324
           D:3 |       0 |     230 |   0.0 |       0 |      33 |   0.0 |  1631
           D:4 |       0 |     214 |   0.0 |       0 |       5 |   0.0 |   896
           D:5 |       0 |    1009 |   0.0 |       0 |      31 |   0.0 |  1673
           D:6 |       0 |     883 |   0.0 |       0 |      20 |   0.0 |  1179
           D:7 |       0 |    1718 |   0.0 |       0 |      16 |   0.0 |  1081
           D:8 |       0 |    2751 |   0.0 |       0 |      34 |   0.0 |  1213
           D:9 |       0 |    2919 |   0.0 |       0 |      19 |   0.0 |  1169
          D:10 |       0 |    5957 |   0.0 |       0 |      83 |   0.0 |  3189
         Orc:1 |       0 |    2872 |   0.0 |       0 |      14 |   0.0 |  2332
         Orc:2 |       0 |    5191 |   0.0 |       0 |      51 |   0.0 |  1767
         Sewer |       0 |     235 |   0.0 |       0 |      16 |   0.0 |   638
               +---------+---------+-------+---------+---------+-------+---------
